cohdb
Replays
Latest Replays
All Replays
Popular Replays
Top Player Replays
Match Explorer
How It Works
Community
CoH3 Stats
Reddit
Sign in to upload your games and track your stats! →
Sign in with Steam
Match 47267264
Unlisted
Match 47267264
Overview
Messages
Build Orders
End
Construct Barracks
Selects Heavy Weapons
Riflemen Squad
Riflemen Squad
Construct Weapon Support Center
Grenade Package
Bazooka Squad
Construct Medical Station
Improved M9 Bazooka Rockets
Selects Assault Carriers
Mechanized Support Center
Bazooka Squad
Pepe87
Some_Devil
oldeenglishdry
NSAsBest
for the .....
Cicero_540
Felippe
JT
0
0
Comments
sign in to comment!
No comments posted yet!